 Dungeon Crawl Stone Soup version 0.20-a0-876-g2c7b0bf (webtiles) character file.

9750 M4edhros the Grappler (level 11, -2/90 HPs)
             Began as a Minotaur Transmuter on Mar 15, 2017.
             Was a High Priest of Cheibriados.
             Slain by a four-headed hydra (5 damage)
             ... on level 12 of the Dungeon.
             The game lasted 00:24:56 (4239 turns).

M4edhros the Grappler (Minotaur Transmuter)         Turns: 4239, Time: 00:24:57

Health: -2/90      AC:  8    Str: 34      XL:     11   Next: 27%
Magic:  8/16       EV: 20    Int: 21 (23) God:    Cheibriados [*****.]
Gold:   383        SH:  7    Dex: 25 (26) Spells: 7/18 levels left

rFire    . . .     SeeInvis .     - Unarmed
rCold    . . .     Gourm    .   v - +3 leather armour {rPois}
rNeg     . . .     Faith    .   w - +0 buckler
rPois    +         Spirit   .   (helmet unavailable)
rElec    .         Reflect  .   u - +1 cloak
rCorr    .         Harm     .   (no gloves)
MR       .....     Rnd*Rage +   (no boots)
Stlth    ++........             (no amulet)
Regen    0.3/turn               t - +5 ring of strength
MPRegen  0.2/turn               r - ring of wizardry

@: very slow
A: retaliatory headbutt, horns 3, berserk 1, sense surroundings 2
a: Bend Time, Temporal Distortion, Slouch, Step From Time, Renounce Religion


You were on level 12 of the Dungeon.
You worshipped Cheibriados.
Cheibriados was extremely pleased with you.
You were not hungry.

You visited 1 branch of the dungeon, and saw 12 of its levels.

You collected 383 gold pieces.

Inventory:

Hand Weapons
 m - a +0 hunting sling
Missiles
 a - 103 arrows
 e - 295 stones (quivered)
 h - 41 sling bullets
Armour
 b - a +0 robe
 s - a +3 leather armour of fire resistance
 u - a +1 cloak (worn)
 v - a +3 leather armour of poison resistance (worn)
 w - a +0 buckler (worn)
 I - a +2 leather armour of fire resistance
Jewellery
 j - a +5 ring of intelligence
 q - an uncursed amulet of harm
 r - a ring of wizardry (left hand)
 t - a +5 ring of strength (right hand)
 B - an uncursed ring of protection from cold
Wands
 G - a wand of scattershot (6/9)
Scrolls
 g - 2 scrolls of enchant weapon
 i - 3 scrolls of immolation {unknown}
 o - a scroll of random uselessness {unknown}
 x - a scroll of remove curse {unknown}
 y - 2 scrolls of amnesia
 A - 2 scrolls of recharging
 C - a scroll of fog
 J - a scroll of fear {unknown}
Potions
 l - a potion of curing
 p - a potion of flight
 z - 4 potions of might
 D - a potion of mutation
Books
 c - a book of Changes

   Spells                             Type                      Level
   a - Beastly Appendage              Transmutation                1
   b - Sticks to Snakes               Transmutation                2
   c - Spider Form                    Transmutation/Poison         3
   d - Ice Form                       Ice/Transmutation            4
   e - Blade Hands                    Transmutation                5
 E - a book of Minor Magic

   Spells                             Type                      Level
   a - Magic Dart                     Conjuration                  1
   b - Blink                          Translocation                2
   c - Call Imp                       Summoning                    2
   d - Slow                           Hexes                        2
   e - Conjure Flame                  Conjuration/Fire             3
   f - Mephitic Cloud                 Conjuration/Poison/Air       3
Comestibles
 d - 6 bread rations
 f - 5 royal jellies
 k - 8 meat rations
 n - 4 fruits
 F - 3 chunks of flesh


   Skills:
 + Level 6.3 Fighting
 + Level 8.0 Dodging
 - Level 4.9 Shields
 + Level 9.4 Unarmed Combat
 + Level 4.3 Spellcasting
 + Level 6.7 Transmutations
 - Level 3.1 Air Magic
 - Level 3.0 Poison Magic
 + Level 4.5 Invocations


You had 7 spell levels left.
You knew the following spells:

 Your Spells              Type           Power        Failure   Level  Hunger
a - Beastly Appendage     Tmut           ####..       1%          1    None
b - Sticks to Snakes      Tmut           ####....     1%          2    #......
c - Blade Hands           Tmut           ####......   10%         5    ######.
d - Mephitic Cloud        Conj/Pois/Air  ##......     7%          3    ##.....


Dungeon Overview and Level Annotations

Branches:
Dungeon (12/15)            Temple (0/1) D:4            Lair (0/6) D:9
    Orc (0/2) D:10

Altars:
Cheibriados
Gozag
Nemelex Xobeh
Qazlal
Sif Muna
Trog
Vehumet
Xom

Portals:
Bailey: D:12

Annotations:
D:11 Harold


Innate Abilities, Weirdness & Mutations

You reflexively headbutt those who attack you in melee.
You have a pair of large horns on your head.
You tend to lose your temper in combat.
You passively map the area around you.


Message History

The four-headed hydra bites you!
The four-headed hydra barely misses you.
The four-headed hydra bites you!
* * * LOW HITPOINT WARNING * * *
You miss the deep elf mage. You headbutt the deep elf mage!!
The deep elf mage is almost dead.
The earth elemental completely misses you.
The deep elf mage casts a spell.
Unknown command.
You closely miss the deep elf mage. Your headbutt misses the deep elf mage.
The deep elf mage is almost dead.
The earth elemental disappears in a puff of smoke!
The four-headed hydra completely misses you.
You furiously retaliate!
You headbutt the four-headed hydra! The four-headed hydra bites you!
* * * LOW HITPOINT WARNING * * *
The four-headed hydra bites you!
* * * LOW HITPOINT WARNING * * *
The four-headed hydra bites you.
You die...

######## #########
.......# #.>.....#
.......# #....>..#### * *
.......# #..........., ,
.......# #........... .,
.......# #...§..... ,.. *
.......## #E.eD).# ..., ,
.....#..# #..E@..# ...., *
......#.#####.E....#
/...., ,*
......#....#..###..#......
,
.......###......##.†..$...
..<..#.# #.#.##...........
(....#.# #.#.####....#####
.......# #.).# #....#
#####..###...#* #....#
.............., .......,


You could see a four-headed hydra, 3 earth elementals and a deep elf mage.

Vanquished Creatures
  4 two-headed ogres
  A manticore (D:12)
  A cyclops (D:12)
  Grinder (D:5)
  A hippogriff (D:9)
  A vampire (D:11)
  A yak (D:9)
  A hungry ghost (D:12)
  A wraith (D:9)
  Menkaure (D:4)
  2 steam dragons
  An acid dragon (D:9)
  A black bear (D:10)
  2 ice beasts (D:7)
  An eye of draining (D:12)
  2 orc warriors
  6 ogres
  A phantom (D:9)
  2 centaurs (D:11)
  3 wolves (D:9)
  2 crocodiles (D:9)
  3 big kobolds
  2 bullfrogs
  5 scorpions
  10 killer bees
  6 wights
  2 howler monkeys
  A crimson imp (D:9)
  2 bullfrog zombies
  A centaur zombie (D:5)
  2 bullfrog skeletons (D:4)
  3 hounds
  2 jellies
  6 orc priests
  7 orc wizards
  4 centaur skeletons
  An iguana (D:4)
  3 worker ants
  A killer bee zombie (D:9)
  A howler monkey zombie (D:8)
  2 worker ant zombies
  10 adders
  4 gnolls
  A hound simulacrum (D:9)
  2 shadow imps
  An ooze (D:2)
  A worm (D:2)
  A dart slug (D:1)
  3 leopard geckos
  26 orcs
  7 bats
  2 giant cockroaches
  7 goblins
  3 hobgoblins
  2 jackals (D:2)
  5 quokkas
  3 frilled lizards
  16 kobolds
  A leopard gecko skeleton (D:4)
  4 rats
199 creatures vanquished.

Vanquished Creatures (collateral kills)
  A two-headed ogre (D:11)
  An ugly thing (D:11)
  A manticore (D:12)
  Grum (D:9)
  Eustachio (D:4)
  A centaur (D:12)
  A worker ant (D:4)
  A kobold (D:12)
8 creatures vanquished.

Grand Total: 207 creatures vanquished

Notes
Turn   | Place    | Note
-------+----------+-------------------------------------------
     0 | D:1      | M4edhros the Minotaur Transmuter began the quest for the Orb.
     0 | D:1      | Reached XP level 1. HP: 16/16 MP: 1/1
   128 | D:2      | Reached XP level 2. HP: 19/23 MP: 0/3
   137 | D:2      | Learned a level 2 spell: Sticks to Snakes
   154 | D:2      | Reached skill level 4 in Unarmed Combat
   169 | D:2      | Reached XP level 3. HP: 25/28 MP: 1/4
   227 | D:2      | Found an opulent altar of Gozag.
   233 | D:2      | Found a stormy altar of Qazlal.
   233 | D:2      | Found a snail-covered altar of Cheibriados.
   241 | D:2      | Became a worshipper of Cheibriados the Contemplative
   516 | D:1      | Reached * piety under Cheibriados
   525 | D:1      | Reached XP level 4. HP: 30/35 MP: 3/5
   928 | D:4      | Reached skill level 5 in Unarmed Combat
   972 | D:4      | Reached XP level 5. HP: 29/40 MP: 6/6
  1006 | D:4      | Reached ** piety under Cheibriados
  1162 | D:4      | Reached XP level 6. HP: 33/47 MP: 7/7
  1271 | D:4      | Reached skill level 6 in Unarmed Combat
  1292 | D:4      | Found a staircase to the Ecumenical Temple.
  1417 | D:4      | Noticed Eustachio
  1454 | D:4      | Killed Eustachio
  1454 | D:4      | Reached XP level 7. HP: 20/52 MP: 0/8
  1489 | D:4      | Learned a level 5 spell: Blade Hands
  1512 | D:4      | Found a radiant altar of Vehumet.
  1512 | D:4      | Noticed Menkaure
  1524 | D:4      | HP: 1/52 [Menkaure (12)]
  1527 | D:4      | Killed Menkaure
  1529 | D:4      | HP: 1/78 [poisoned by a worker ant]
  1531 | D:4      | Gained mutation: You have a pair of large horns on your head. [potion of mutation]
  1531 | D:4      | Gained mutation: You have large cloven feet. [potion of mutation]
  1538 | D:4      | Lost mutation: You have large cloven feet. [potion of mutation]
  1538 | D:4      | Lost mutation: You have a pair of large horns on your head. [potion of mutation]
  1538 | D:4      | Gained mutation: Your skin changes colour to match your surroundings (Stealth+). [potion of mutation]
  1538 | D:4      | Gained mutation: You are clumsy. (Dex -2) [potion of mutation]
  1538 | D:4      | Gained mutation: You are dopey. (Int -2) [potion of mutation]
  1538 | D:4      | Gained mutation: You passively map a small area around you. [potion of mutation]
  1553 | D:4      | Found a deep blue altar of Sif Muna.
  1553 | D:4      | Found a sparkling altar of Nemelex Xobeh.
  1555 | D:4      | Found a stormy altar of Qazlal.
  1555 | D:4      | Found a radiant altar of Vehumet.
  1555 | D:4      | Found a shimmering altar of Xom.
  1608 | D:5      | Entered Level 5 of the Dungeon
  1771 | D:5      | Noticed Grinder
  1781 | D:5      | Paralysed by Grinder for 4 turns
  1789 | D:5      | Killed Grinder
  1789 | D:5      | Reached skill level 7 in Unarmed Combat
  1791 | D:5      | Reached skill level 5 in Dodging
  1791 | D:5      | Reached XP level 8. HP: 41/59 MP: 3/10
  1844 | D:6      | Lost mutation: You are dopey. (Int -2) [potion of mutation]
  1844 | D:6      | Lost mutation: You are clumsy. (Dex -2) [potion of mutation]
  1844 | D:6      | Gained mutation: You tend to lose your temper in combat. [potion of mutation]
  1844 | D:6      | Lost mutation: Your skin changes colour to match your surroundings (Stealth+). [potion of mutation]
  1844 | D:6      | Gained mutation: You have a pair of large horns on your head. [potion of mutation]
  1844 | D:6      | Gained mutation: You passively map the area around you. [potion of mutation]
  2171 | D:6      | Reached *** piety under Cheibriados
  2260 | D:7      | Reached skill level 1 in Shields
  2266 | D:7      | Reached skill level 5 in Transmutations
  2562 | D:8      | Learned a level 3 spell: Mephitic Cloud
  2692 | D:8      | Found a bloodstained altar of Trog.
  2695 | D:8      | Reached skill level 1 in Invocations
  2695 | D:8      | Reached XP level 9. HP: 46/69 MP: 12/12
  2773 | D:9      | Reached **** piety under Cheibriados
  2777 | D:9      | Reached skill level 8 in Unarmed Combat
  2818 | D:9      | Noticed a two-headed ogre
  2825 | D:9      | Killed a two-headed ogre
  2825 | D:9      | Reached skill level 1 in Air Magic
  2825 | D:9      | Reached skill level 1 in Poison Magic
  2945 | D:9      | Found a staircase to the Lair.
  2959 | D:9      | Reached XP level 10. HP: 58/79 MP: 11/14
  3014 | D:9      | Noticed a two-headed ogre
  3048 | D:9      | Killed a two-headed ogre
  3101 | D:9      | Noticed Grum
  3114 | D:9      | Killed Grum
  3142 | D:10     | Entered Level 10 of the Dungeon
  3147 | D:10     | Reached ***** piety under Cheibriados
  3197 | D:10     | Found a staircase to the Orcish Mines.
  3419 | D:10     | Reached skill level 5 in Fighting
  3583 | D:11     | Noticed a white ugly thing
  3597 | D:11     | Killed a white ugly thing
  3602 | D:11     | Gained mutation: You evolve. [mutagenic meat]
  3603 | D:11     | Lost mutation: You evolve. [mutagenic meat]
  3623 | D:11     | Noticed a two-headed ogre
  3625 | D:11     | Noticed Harold
  3742 | D:11     | Noticed a two-headed ogre
  3755 | D:11     | Killed a two-headed ogre
  3912 | D:11     | Killed a two-headed ogre
  3912 | D:11     | Reached skill level 9 in Unarmed Combat
  3996 | D:11     | Noticed a two-headed ogre
  4004 | D:11     | Killed a two-headed ogre
  4004 | D:11     | Reached XP level 11. HP: 83/89 MP: 12/16
  4221 | D:12     | Found a flagged portal.
  4223 | D:12     | Noticed a deep elf mage
  4235 | D:12     | Noticed a four-headed hydra
  4239 | D:12     | HP: 3/90 [four-headed hydra (9)]
  4239 | D:12     | Slain by a four-headed hydra

Vault maps used:
D:1:      onia_arrival_larder
D:2:      grunt_temple_overflow_open
D:4:      temple_hall, first_bread, minmay_misc_feat_roman, doesnt_xom_only_xom,
          uniq_eustachio, uniq_menkaure
D:5:      uniq_grinder
D:6:      overflow_temple_1_default, roderic_lattice_a, minmay_shop_grid_forest
D:7:      kennysheep_mini_moat
D:8:      nicolae_overflow_crystal_walls
D:9:      minmay_distorted_concentric_squares, david_lair_generic, uniq_grum
D:10:     orc_0_dummy, grunt_qazlal_clouds
D:11:     grunt_ogre_cave, uniq_fannar, uniq_harold
D:12:     enter_bailey_2

Skill      XL: |  1  2  3  4  5  6  7  8  9 10 11 |
---------------+----------------------------------+-----
Transmutations | 2 3 4 5 6 |  6.7
Unarmed Combat | 4 5 6 7 8 9 |  9.4
Dodging        | 3 5 6 7 8 |  8.0
Spellcasting   | 2 3 4 |  4.3
Fighting       | 3 4 5 6 |  6.3
Shields        | 2 4 |  4.9
Invocations    | 1 2 4 |  4.5
Air Magic      | 1 3 |  3.1
Poison Magic   | 1 3 |  3.0

Action                   |  1- 3 |  4- 6 |  7- 9 | 10-12 || total
-------------------------+-------+-------+-------+-------++-------
Melee: Unarmed           |    48 |    82 |   146 |   171 ||   447
       Headbutt          |     9 |    20 |    50 |    58 ||   137
       Kick              |     4 |     1 |     2 |       ||     7
       Punch             |     1 |     4 |     2 |     1 ||     8
 Cast: Beastly Appendage |     3 |     1 |     1 |       ||     5
       Sticks to Snakes  |     2 |    10 |     9 |    39 ||    60
       Mephitic Cloud    |       |       |       |     6 ||     6
       Blade Hands       |       |       |       |     4 ||     4
Invok: Temporal Distorti |       |       |       |     2 ||     2
  Use: Potion            |     1 |     1 |     6 |     4 ||    12
       Scroll            |       |       |     7 |     7 ||    14
 Stab: Sleeping          |       |     1 |     2 |     3 ||     6
       Distracted        |       |       |       |     3 ||     3
  Eat: Chunk             |       |     1 |     3 |     5 ||     9
       Bread ration      |       |       |       |     1 ||     1
Armor: Robe              |    14 |     4 |       |       ||    18
       Leather armour    |       |       |    23 |    32 ||    55
       Skin              |       |       |    15 |       ||    15
Dodge: Dodged            |    45 |    51 |    77 |   146 ||   319
Block: Buckler           |       |       |    23 |    47 ||    70
